AoeStats
← 46134864

Arena

508427021Analyzed
4v4 RM · 11d ago on Sep 22, 2026· 39m 59s· 8 players
Game mode
Random Map
Map size
Large (8 player)
Population
200
Speed
Normal
Resources
Standard
Victory
Conquest
Starting age
Dark Age
Ending age
Imperial Age
RankedLock teamsTeams togetherTeam positionsShared explorationLock speedFull tech treeHidden civsTurbo modeCheats
Victory
Defeat
🇩🇰 Hindustanis · Denmark
1098
+15
🇺🇸 Bohemians · United States
1065
+17
🇹🇷 Goths · Türkiye
1030
+18
🇩🇪 Turks · Germany
981
+20
🇬🇧 Vikings · United Kingdom
1160
-21
🇨🇳 Britons · China
1152
-21
🇨🇳 Saracens · China
1049
-16
🇹🇷 Franks · Türkiye
947
-12
ageoflowapm
9:59 Feudal Age
13:55 Castle Age
12:10 Double-Bit Axe
12:41 Horse Collar
15:30 Bow Saw
16:31 Fervor
24:51 Wheelbarrow
24:04 Town Watch
28:31 Imperial Age
26:20 Heavy Plow
27:34 Chemistry
26:30 Loom
27:35 Scale Mail Armor
27:46 Forging
28:27 Padded Archer Armor
28:46 Wagenburg Tactics
28:58 Chain Mail Armor
29:24 Hand Cart
30:33 Two-Man Saw
30:37 Siege Engineers
32:17 Fletching
34:08 Leather Archer Armor
34:00 Elite Skirmisher
34:37 Bodkin Arrow
35:57 Bracer
37:48 Ring Archer Armor
37:43 Ballistics
37:04 Treadmill Crane
37:35 Masonry
(Kush)Martinez
2:38 Loom
11:02 Feudal Age
11:50 Feudal Age
15:58 Castle Age
21:49 Imperial Age
21:37 Double-Bit Axe
28:10 Bow Saw
27:45 Horse Collar
30:49 Bloodlines
31:58 Forging
31:54 Scale Barding Armor
36:09 Iron Casting
35:55 Chain Barding Armor
40:14 Blast Furnace
41:05 Wheelbarrow
40:16 Loom
40:34 Scale Mail Armor
41:09 Plate Barding Armor
40:35 Padded Archer Armor
40:25 Fletching
Farmerboi02
10:43 Feudal Age
11:22 Feudal Age
13:20 Double-Bit Axe
13:18 Horse Collar
16:12 Castle Age
18:29 Wheelbarrow
18:15 Bow Saw
21:52 Loom
24:12 Hand Cart
30:38 Imperial Age
28:35 Heavy Plow
28:40 Light Cavalry
29:35 Scale Barding Armor
30:45 Bloodlines
30:50 Forging
31:01 Chain Barding Armor
31:40 Heavy Camel Rider
34:06 Plate Barding Armor
35:07 Iron Casting
34:08 Imperial Camel Rider
35:11 Hussar
36:37 Gold Mining
38:21 Blast Furnace
Tiger Chicky Face
5:13 Loom
10:50 Feudal Age
11:34 Double-Bit Axe
15:49 Castle Age
18:34 Bow Saw
18:08 Horse Collar
20:53 Wheelbarrow
22:20 Heavy Plow
23:05 Stone Mining
23:14 Gold Mining
26:02 Hand Cart
30:49 Imperial Age
28:05 Town Watch
28:59 Anarchy
29:46 Forging
29:36 Scale Mail Armor
30:13 Squires
29:33 Pikeman
30:39 Town Patrol
31:41 Iron Casting
31:22 Chain Mail Armor
31:57 Conscription
31:31 Elite Huskarl
32:27 Perfusion
34:29 Two-Man Saw
34:40 Blast Furnace
34:00 Halberdier
Scott678
9:58 Feudal Age
12:58 Loom
15:49 Castle Age
14:39 Double-Bit Axe
15:06 Horse Collar
17:24 Bow Saw
20:29 Stone Mining
21:37 Gold Mining
25:14 Gold Shaft Mining
25:12 Heavy Plow
25:53 Scale Mail Armor
26:03 Forging
28:01 Chain Mail Armor
28:09 Masonry
27:42 Treadmill Crane
28:27 Ballistics
28:14 Town Watch
29:26 Caravan
32:10 Imperial Age
30:22 Fortified Wall
30:36 Pikeman
31:19 Squires
31:04 Arson
31:05 Gambesons
30:53 Pikeman
32:10 Iron Casting
31:14 Pikeman
32:18 Elite Berserk
33:20 Conscription
33:33 Plate Mail Armor
34:04 Blast Furnace
32:33 Man-at-Arms
34:08 Chieftains
34:21 Long Swordsman
34:47 Gambesons
35:42 Fletching
36:21 Bodkin Arrow
37:35 Onager
37:39 Capped Ram
39:15 Siege Ram
Hidalgo
10:48 Feudal Age
15:55 Castle Age
14:13 Double-Bit Axe
15:37 Gold Mining
27:12 Imperial Age
26:41 Fletching
27:02 Forging
27:08 Bow Saw
26:36 Pikeman
28:59 Wheelbarrow
28:28 Cavalier
29:08 Husbandry
30:40 Iron Casting
30:10 Scale Barding Armor
30:01 Bodkin Arrow
32:43 Blast Furnace
33:23 Chemistry
46134864
11:04 Feudal Age
13:07 Town Watch
15:37 Castle Age
13:36 Loom
14:01 Double-Bit Axe
14:12 Stone Mining
14:35 Horse Collar
14:48 Gold Mining
15:33 Loom
15:46 Loom
25:03 Wheelbarrow
25:32 Heavy Plow
26:41 Fletching
30:45 Imperial Age
28:58 Masonry
28:55 Bodkin Arrow
29:45 Padded Archer Armor
29:32 Treadmill Crane
30:36 Hand Cart
31:05 Ballistics
33:42 Gold Shaft Mining
33:39 Bracer
35:47 Warwolf
36:26 Elite Longbowman
等你下钟
1:01 Loom
9:46 Feudal Age
10:59 Double-Bit Axe
10:55 Horse Collar
18:29 Castle Age
16:37 Stone Mining
16:41 Gold Mining
19:46 Bow Saw
21:29 Heavy Plow
23:01 Forging
22:56 Scale Barding Armor
23:52 Gold Shaft Mining
25:36 Wheelbarrow
28:21 Imperial Age
30:31 Conscription
32:06 Iron Casting
31:52 Chain Barding Armor
31:54 Hand Cart
32:44 Caravan
33:14 Coinage
33:50 Elite Mameluke
36:15 Bloodlines
36:06 Husbandry
36:44 Bimaristan
40:18 Blast Furnace
39:54 Plate Barding Armor
Connection lost

Rejoining the realm…

Still unreachable

The connection could not be restored.

Session expired

The server has moved on; the page needs a fresh start.